[Event "Titled Tuesday Blitz May 4 2021"]
[White "Arias, Juan Cruz"]
[Black "Morris-Suzuki, Sophie"]
[WhiteFideId "118540"]
[BlackFideId "30922615"]
[WhiteElo "2083"]
[BlackElo "2395"]
[Result "1/2-1/2"]
[Round "03"]
[TimeControl "180+1"]
[Date "2021.05.04"]
[WhiteClock "0:00:05"]
[BlackClock "0:00:23"]

1. e4 c5 2. Nc3 e6 3. g3 d5 4. exd5 exd5 5. Bg2 Nf6 6. d3 Be7 7. Nge2 O-O 8. O-O Bg4 9. h3 Bh5 10. g4 Bg6 11. f4 h6 12. f5 Bh7 13. Nf4 d4 14. Nce2 Nc6 15. Ng3 Bd6 16. Bd2 Rc8 17. a3 Qc7 18. Qf3 Ne5 19. Qf2 c4 20. Kh1 c3 21. bxc3 dxc3 22. Be3 Rfe8 23. Rae1 b6 24. Ngh5 Nexg4 25. hxg4 Nxg4 26. Qg3 Bxf5 27. Be4 Rxe4 28. dxe4 Bxe4+ 29. Kg1 f5 30. Qh3 g5 31. Ng2 Bh2+ 32. Kh1 Be5 33. Bxg5 hxg5 34. Rxe4 fxe4 35. Qxg4 Rf8 36. Rxf8+ Kxf8 37. Qf5+ Ke8 38. Qxg5 e3 39. Nxe3 Qd6 40. Qg8+ Kd7 41. Qf7+ Kc6 42. Qc4+ Kb7 43. Qe4+ Qc6 44. Qxc6+ Kxc6 45. Kg2 Bd6 46. a4 b5 47. axb5+ Kxb5 48. Nf6 a5 49. Kf3 Kb4 50. Ne4 Be7 51. Nd5+ Ka3 52. Nxe7 Kb2 53. Nd5 Kxc2 54. Ndxc3 a4 55. Na2 a3 56. Nec3 Kb2 57. Ke3 Kc2 58. Kd4 Kd2 59. Ke4 Kc2 60. Ke3 Kb3 61. Kd3 Kb2 62. Kc4 Kc2 63. Kb4 Kd2 64. Kc4 Ke3 65. Nd5+ Ke4 66. Kc5 Kd3 67. Ndb4+ Kd2 68. Kd4 Ke2 69. Ke4 Kd2 70. Kf3 Kd1 71. Ke3 Ke1 72. Nc2+ Kd1 73. Nd4 Ke1 74. Ne2 Kf1 75. Nec3 Kg2 76. Nd5 Kg3 77. Ndc3 Kg4 78. Ke4 Kg5 79. Ne2 Kf6 80. Nd4 Ke7 81. Kd5 Kf6 82. Nc6 Kf5 83. Ne5 Kf6 84. Ke4 Ke6 85. Nd3 Kd6 86. Nf4 Kc6 87. Kd4 Kd6 88. Nd3 Kc6 89. Nf2 Kd6 90. Ne4+ Ke6 91. Kd3 Ke5 92. Ke3 Kd5 93. Nec3+ Ke5 94. Kd3 Kd6 95. Kd4 Ke6 96. Nb5 Kf5 97. Kd5 Kf4 98. Nd4 Ke3 99. Ke5 Kd3 100. Nb5 Kc4 101. Nbc3 Kb3 102. Kf4 Kc4 103. Ke3 Kc5 104. Ke4 Kc4 105. Ke5 Kc5 1/2-1/2


[Site "https://www.chess.com"]

[Event "Titled Tuesday Blitz May 4 2021"]
[White "Ashiev, Eduard"]
[Black "Myers, Dominique"]
[WhiteFideId "4130090"]
[BlackFideId "2041715"]
[WhiteElo "2106"]
[BlackElo "1986"]
[Result "1-0"]
[Round "03"]
[TimeControl "180+1"]
[Date "2021.05.04"]
[WhiteClock "0:00:08"]
[BlackClock "0:00:13"]

1. d4 Nf6 2. Nf3 g6 3. c4 Bg7 4. Nc3 d5 5. Bf4 O-O 6. Rc1 Be6 7. cxd5 Nxd5 8. e3 Nxf4 9. exf4 c6 10. Be2 Qd6 11. g3 Bh3 12. Qb3 b5 13. Ne4 Qd8 14. a4 a6 15. Bf1 Be6 16. Qe3 Bd5 17. Bg2 Qa5+ 18. Qc3 Qxa4 19. Nc5 Qc4 20. Qd2 Qa2 21. O-O Rd8 22. Ra1 Qc4 23. Rfc1 Bxf3 24. Rxc4 Bxg2 25. Rcc1 Bd5 26. f5 gxf5 27. Qf4 e6 28. Rd1 Ra7 29. b4 Nd7 30. Rxa6 Rxa6 31. Nxa6 Nf6 32. Nc5 Ne4 33. Qc7 Ra8 34. h4 Ra2 35. Nd7 h5 36. Ne5 Bxe5 37. Qxe5 Nxf2 38. Qb8+ Kh7 39. Qf8 Nh3+ 40. Kf1 e5 41. Rc1 Bc4+ 42. Rxc4 bxc4 43. Qxf7+ Kh6 44. Qf6+ Kh7 45. Qxf5+ Kg7 46. Qxh3 Ra1+ 47. Ke2 exd4 48. Qd7+ Kg6 49. Qxd4 Ra2+ 50. Ke3 Ra3+ 51. Kf4 Rd3 52. Qxc4 Rd6 53. Qe4+ Kf6 54. Qe5+ Kf7 55. Qxd6 1-0


[Site "https://www.chess.com"]

[Event "Titled Tuesday Blitz May 4 2021"]
[White "Atanasov, Anthony"]
[Black "Remizov, Yaroslav"]
[WhiteFideId "2623897"]
[BlackFideId "34134015"]
[WhiteElo "1889"]
[BlackElo "2367"]
[Result "0-1"]
[Round "03"]
[TimeControl "180+1"]
[Date "2021.05.04"]
[WhiteClock "0:00:03"]
[BlackClock "0:00:09"]

1. d4 Nf6 2. Nf3 b6 3. Bf4 Bb7 4. e3 e6 5. Nbd2 c5 6. Nc4 d5 7. Nce5 Nbd7 8. Bb5 a6 9. Ng5 axb5 10. Nexf7 Qe7 11. Nxh8 e5 12. dxe5 Nxe5 13. Nxh7 O-O-O 14. Bxe5 Qxe5 15. Nf7 Qxb2 16. Nxd8 Qc3+ 17. Kf1 Kxd8 18. Nxf8 Ne4 19. Ne6+ Ke7 20. Nf4 d4 21. exd4 Kf7 22. Qh5+ Kg8 23. Qe8+ Kh7 24. Qg6+ Kg8 25. Qe6+ Kh7 26. Qf5+ Kg8 27. Rd1 Qxc2 28. Qe6+ Kh7 29. Qg6+ Kg8 30. Qe8+ Kh7 31. Qh5+ Kg8 32. Qe2 Qa4 33. d5 b4 34. Re1 Ba6 35. Nd3 Qa3 36. Rd1 b3 37. Qxe4 bxa2 38. Qe8+ Kh7 39. Qh5+ Kg8 40. Qe8+ Kh7 41. Qe4+ g6 42. Qe7+ Kh6 43. Qh4+ Kg7 44. Qe7+ Kh6 45. Qe3+ g5 46. Qe6+ Kg7 47. Qe7+ Kg6 48. Qd6+ Kh5 49. g4+ Kxg4 50. Rg1+ Kh5 51. Qg3 Bxd3+ 52. Kg2 Be4+ 53. f3 Bxd5 54. Kh1 Qxf3+ 55. Qxf3+ Bxf3+ 56. Rg2 Bxd1 57. Rxa2 c4 58. Rb2 c3 59. Rxb6 c2 60. Rc6 Bf3+ 61. Kg1 Bxc6 62. Kf2 c1=Q 63. Kg3 Qf4+ 0-1


[Site "https://www.chess.com"]

[Event "Titled Tuesday Blitz May 4 2021"]
[White "Avila Pavas, Santiago"]
[Black "Visakh N R"]
[WhiteFideId "4437128"]
[BlackFideId "25012223"]
[WhiteElo "2619"]
[BlackElo "2807"]
[Result "1-0"]
[Round "03"]
[TimeControl "180+1"]
[Date "2021.05.04"]
[WhiteClock "0:00:05"]
[BlackClock "0:00:07"]

1. d4 Nf6 2. Nf3 g6 3. Bg5 Bg7 4. Nbd2 d5 5. e3 O-O 6. Be2 c5 7. c3 Qb6 8. Qb3 Qa5 9. Bxf6 Bxf6 10. Qxd5 Nd7 11. O-O e6 12. Qd6 cxd4 13. exd4 Nb6 14. Ne4 Bg7 15. Qc5 Qxc5 16. Nxc5 Nd7 17. Ne4 Rd8 18. Nd6 Nb6 19. Nxc8 Raxc8 20. Rfd1 Kf8 21. Rac1 Ke7 22. g3 a6 23. Ne5 Rc7 24. f4 Nd7 25. Kf2 Nxe5 26. dxe5 Rxd1 27. Rxd1 Rd7 28. Rxd7+ Kxd7 29. Bf3 Kc7 30. Ke3 f6 31. exf6 Bxf6 32. Ke4 a5 33. Be2 Kd6 34. Bb5 b6 35. g4 Bh4 36. g5 Bf2 37. h3 Bg1 38. Be8 Bf2 39. Bf7 Ke7 40. Bg8 Bc5 41. h4 Bd6 42. b3 Bc7 43. c4 Bd6 44. Kf3 e5 45. Bxh7 Kf7 46. f5 gxf5 47. Bxf5 Be7 48. Ke4 Bb4 49. Kf3 Be1 50. Kg4 Bd2 51. h5 Bc1 52. Be4 Bd2 53. h6 Ke6 54. h7 1-0


[Site "https://www.chess.com"]

[Event "Titled Tuesday Blitz May 4 2021"]
[White "Baches Garcia, Guillermo"]
[Black "Lopez Gracia, Fernando"]
[WhiteFideId "2209764"]
[BlackFideId "2207184"]
[WhiteElo "2459"]
[BlackElo "2330"]
[Result "1-0"]
[Round "03"]
[TimeControl "180+1"]
[Date "2021.05.04"]
[WhiteClock "0:00:23"]
[BlackClock "0:00:26"]

1. e4 e5 2. Nf3 Nc6 3. Bb5 a6 4. Ba4 Nf6 5. O-O Bc5 6. c3 b5 7. Bc2 d6 8. d4 Ba7 9. Be3 O-O 10. Nbd2 Re8 11. h3 exd4 12. cxd4 Nb4 13. Bb1 c5 14. Re1 Bb7 15. d5 a5 16. Qe2 c4 17. Bxa7 Rxa7 18. Qe3 Ra8 19. Qd4 Nd7 20. a4 bxa4 21. Nxc4 Nc5 22. Nfd2 Ba6 23. e5 Rc8 24. Nxd6 Qxd6 25. exd6 Rxe1+ 26. Kh2 Nc2 27. Bxc2 Rxa1 28. Bf5 Rc1 29. Bxc8 Bxc8 30. Qe5 Nd7 31. Qe8+ Nf8 32. Ne4 Bd7 33. Qd8 h6 34. Qxa5 Rc2 35. Nc5 Rxb2 36. Nxd7 Nxd7 37. Qd8+ Nf8 38. d7 Rd2 39. Qxf8+ Kxf8 40. d8=Q# 1-0


[Site "https://www.chess.com"]

[Event "Titled Tuesday Blitz May 4 2021"]
[White "Baglan, Esat"]
[Black "Aslanov, Umid"]
[WhiteFideId "6309216"]
[BlackFideId "13412620"]
[WhiteElo "2107"]
[BlackElo "1796"]
[Result "1-0"]
[Round "03"]
[TimeControl "180+1"]
[Date "2021.05.04"]
[WhiteClock "0:01:11"]
[BlackClock "0:00:09"]

1. e4 c5 2. Nc3 d6 3. d4 cxd4 4. Qxd4 Nf6 5. b3 g6 6. Bb2 Bg7 7. O-O-O O-O 8. Qd2 Nc6 9. f3 a6 10. Kb1 b5 11. h4 Rb8 12. h5 Qc7 13. hxg6 fxg6 14. Nge2 Be6 15. Nf4 Bf7 16. Ncd5 Nxd5 17. Bxg7 Kxg7 18. Nxd5 Bxd5 19. Qh6+ Kf7 20. Qxh7+ Ke8 21. exd5 Ne5 22. Bd3 Rf6 23. Qg7 Kd7 24. Be4 Rbf8 25. Rh7 R8f7 26. Qh6 Rxh7 27. Qxh7 Kc8 28. Rh1 Kb7 29. Qg8 Qc3 30. Qd8 Qe1+ 31. Rxe1 1-0


[Site "https://www.chess.com"]

[Event "Titled Tuesday Blitz May 4 2021"]
[White "Baker, Chris W"]
[Black "Selbes, Tarik"]
[WhiteFideId "401676"]
[BlackFideId "6302513"]
[WhiteElo "2222"]
[BlackElo "2290"]
[Result "0-1"]
[Round "03"]
[TimeControl "180+1"]
[Date "2021.05.04"]
[WhiteClock "0:01:39"]
[BlackClock "0:01:26"]

1. e4 c6 2. d4 d5 3. Nd2 dxe4 4. Nxe4 Nd7 5. Nf3 Ngf6 6. Nxf6+ Nxf6 7. Ne5 Nd7 8. Nf3 Nf6 9. Ne5 Nd7 10. Nf3 e6 11. Bc4 Bd6 12. O-O Qc7 13. Re1 O-O 14. h3 b6 15. Bd3 Bb7 16. c3 c5 17. dxc5 Bxc5 18. Qe2 Rfd8 19. Bg5 Re8 20. Bh4 h6 21. Rad1 g5 22. Bg3 Qxg3 23. Be4 Bxe4 24. Qxe4 Bxf2+ 25. Kh1 Nf6 0-1


[Site "https://www.chess.com"]

[Event "Titled Tuesday Blitz May 4 2021"]
[White "Balaji, Aaravamudhan"]
[Black "Jakubowska, Anna"]
[WhiteFideId "436224"]
[BlackFideId "1121952"]
[WhiteElo "2085"]
[BlackElo "2006"]
[Result "1-0"]
[Round "03"]
[TimeControl "180+1"]
[Date "2021.05.04"]
[WhiteClock "0:01:27"]
[BlackClock "0:00:39"]

1. d4 d5 2. c4 c6 3. Nc3 Nf6 4. cxd5 cxd5 5. Bf4 a6 6. e3 Nc6 7. Bd3 g6 8. Nf3 Bg7 9. h3 O-O 10. O-O Bf5 11. Rc1 Bxd3 12. Qxd3 Rc8 13. Na4 Ne4 14. Nc5 Nxc5 15. Rxc5 Na7 16. Rfc1 Qb6 17. b3 e6 18. Bc7 Qb4 19. Bd6 b6 20. Rxc8 Qxd6 21. Rxf8+ Bxf8 22. Qxa6 Qa3 23. Qxa3 Bxa3 24. Rc7 Nb5 25. Rb7 Nc3 26. Rxb6 h5 27. Ne5 Bc1 28. Rb8+ Kg7 29. a4 Ne2+ 30. Kf1 1-0


[Site "https://www.chess.com"]

[Event "Titled Tuesday Blitz May 4 2021"]
[White "Banawa, Joel"]
[Black "Kalajzic, Ivan"]
[WhiteFideId "2024055"]
[BlackFideId "14506378"]
[WhiteElo "2676"]
[BlackElo "2163"]
[Result "1-0"]
[Round "03"]
[TimeControl "180+1"]
[Date "2021.05.04"]
[WhiteClock "0:00:36"]
[BlackClock "0:00:22"]

1. e4 Nc6 2. Nf3 d6 3. d4 Bg4 4. d5 Ne5 5. Nxe5 Bxd1 6. Bb5+ c6 7. dxc6 Qa5+ 8. Nc3 a6 9. Nc4 Qxc3+ 10. bxc3 axb5 11. Nb6 bxc6 12. Nxa8 Bxc2 13. f3 Kd7 14. a4 Bxa4 15. Nb6+ Kc7 16. Nxa4 bxa4 17. Rxa4 g6 18. Be3 c5 19. Kd2 Kd7 20. Rb1 Bg7 21. Rb7+ Ke6 22. Raa7 Bf6 23. f4 h5 24. Bxc5 Nh6 25. Bd4 Re8 26. Rb6 Rc8 27. e5 Bg7 28. exd6 Nf5 29. d7+ 1-0


[Site "https://www.chess.com"]

[Event "Titled Tuesday Blitz May 4 2021"]
[White "Bartel, Michal"]
[Black "Batchimeg, Tuvshintugs"]
[WhiteFideId "1119257"]
[BlackFideId "4900839"]
[WhiteElo "2271"]
[BlackElo "2295"]
[Result "1-0"]
[Round "03"]
[TimeControl "180+1"]
[Date "2021.05.04"]
[WhiteClock "0:00:15"]
[BlackClock "0:00:04"]

1. e4 d5 2. exd5 Qxd5 3. Nc3 Qa5 4. g3 c6 5. Bg2 e5 6. d3 Nf6 7. h3 Bf5 8. Nf3 Nbd7 9. O-O Bd6 10. Re1 O-O 11. Rb1 Rad8 12. Kh2 h6 13. Bd2 Qc7 14. b4 Rfe8 15. b5 Bh7 16. a4 e4 17. dxe4 Nxe4 18. Nxe4 Bxe4 19. Qc1 Nf6 20. Be3 b6 21. Qb2 cxb5 22. axb5 Qb7 23. Nh4 Bxg2 24. Nxg2 Qf3 25. Nh4 Qe4 26. Kg1 Be5 27. Qa2 Qb7 28. Rbd1 Nd5 29. Qc4 Nc3 30. Rxd8 Rxd8 31. Bxh6 Bf6 32. Bf4 Bxh4 33. gxh4 Nd5 34. Bg3 Nf6 35. Qc6 Qd7 36. Qxd7 Rxd7 37. Ra1 Ne4 38. Bb8 Nc3 39. Rxa7 Rd8 40. Bc7 Rd1+ 41. Kg2 Nxb5 42. Ra8+ Kh7 43. Bxb6 Nc3 44. Rc8 Ne4 45. Be3 f6 46. Kf3 Nd6 47. Rc6 Nf5 48. c4 Rd3 49. Ke4 Nxe3 50. Kxd3 Nf5 51. Rc8 1-0


[Site "https://www.chess.com"]

[Event "Titled Tuesday Blitz May 4 2021"]
[White "Begunov, Konstantin"]
[Black "Song, Michael"]
[WhiteFideId "4118510"]
[BlackFideId "2613190"]
[WhiteElo "2262"]
[BlackElo "2274"]
[Result "0-1"]
[Round "03"]
[TimeControl "180+1"]
[Date "2021.05.04"]
[WhiteClock "0:00:25"]
[BlackClock "0:00:48"]

1. d4 f5 2. Nc3 Nf6 3. Bg5 d5 4. Bxf6 exf6 5. e3 c6 6. Bd3 g6 7. h4 Bd6 8. h5 Kf7 9. Qf3 Be6 10. Nge2 Na6 11. Bxa6 bxa6 12. Na4 Qa5+ 13. Nec3 Rab8 14. hxg6+ hxg6 15. Rxh8 Rxh8 16. O-O-O Kg7 17. a3 Qc7 18. Nc5 Bc8 19. Qe2 a5 20. g3 Rh2 21. Rg1 Qe7 22. N3a4 f4 23. gxf4 Bxf4 24. Qf3 Rxf2 25. Qh5 Qxe3+ 26. Kb1 Rf1+ 0-1


[Site "https://www.chess.com"]

[Event "Titled Tuesday Blitz May 4 2021"]
[White "Bendayan Claros, Aaron"]
[Black "Donatti, Alvaro"]
[WhiteFideId "3803392"]
[BlackFideId "3000303"]
[WhiteElo "2166"]
[BlackElo "2138"]
[Result "1-0"]
[Round "03"]
[TimeControl "180+1"]
[Date "2021.05.04"]
[WhiteClock "0:00:08"]
[BlackClock "0:00:01"]

1. d4 d5 2. Nf3 Nf6 3. c4 c6 4. Nc3 e6 5. g3 Be7 6. Bg2 O-O 7. O-O Nbd7 8. Nd2 a6 9. e4 dxe4 10. Ndxe4 Nxe4 11. Nxe4 Nf6 12. Nc3 Qc7 13. Bf4 Qb6 14. b3 a5 15. Na4 Qa6 16. c5 Nd5 17. Bd2 Qd3 18. Bc1 Qxd1 19. Rxd1 Bf6 20. Bb2 Rd8 21. f4 Bd7 22. a3 Ne3 23. Rd3 Nf5 24. Rad1 Be8 25. Kf2 h5 26. h3 Ne7 27. Nb6 Rab8 28. a4 Nf5 29. Nc4 Rd7 30. Nxa5 Kf8 31. g4 hxg4 32. hxg4 Nh4 33. Bh1 Be7 34. Nc4 Ng6 35. Ke3 Rbd8 36. Ne5 Nxe5 37. fxe5 Bg5+ 38. Kf2 f6 39. Be4 fxe5 40. dxe5 Rxd3 41. Rxd3 Rxd3 42. Bxd3 Be7 43. Bd4 Bf7 44. b4 Ke8 45. Kf3 Kd7 46. Be4 Kc7 47. Be3 Bd8 48. b5 Be7 49. Ke2 Be8 50. Kd3 Bh4 51. Kc4 Be1 52. Bd4 Bd2 53. Bh7 1-0


[Site "https://www.chess.com"]

[Event "Titled Tuesday Blitz May 4 2021"]
[White "Benevides Demasi, Joao Otavio"]
[Black "Prydun, Andriy"]
[WhiteFideId "30916224"]
[BlackFideId "14145898"]
[WhiteElo "2095"]
[BlackElo "2033"]
[Result "0-1"]
[Round "03"]
[TimeControl "180+1"]
[Date "2021.05.04"]
[WhiteClock "0:00:01"]
[BlackClock "0:01:11"]

1. g3 d5 2. Bg2 c6 3. d3 Bg4 4. Nf3 Nd7 5. O-O e5 6. h3 Bxf3 7. Bxf3 Bd6 8. c4 Ne7 9. Nc3 Nf6 10. Bg5 Bb4 11. Bxf6 gxf6 12. cxd5 Bxc3 13. bxc3 cxd5 14. Rb1 Qd7 15. Qb3 b6 16. c4 Rd8 17. cxd5 Nxd5 18. Qa3 Ne7 19. Rfc1 O-O 20. Rc4 Rc8 21. Rbc1 Rxc4 22. Rxc4 Rc8 23. Rg4+ Kh8 24. Kg2 Rc7 25. Qb3 f5 26. Rg5 Qe6 27. Qa4 Ng6 28. e4 f4 29. Bg4 Qe7 30. Rf5 fxg3 31. fxg3 Kg7 32. h4 Qc5 33. h5 Qc2+ 34. Qxc2 Rxc2+ 35. Kh3 Nf8 36. Rg5+ Kf6 37. Rf5+ Kg7 38. Rxe5 Rxa2 39. Re7 h6 40. e5 a5 41. e6 Rf2 42. exf7 Rxf7 43. Rxf7+ Kxf7 44. Bd1 Kf6 45. g4 Ne6 46. Kh4 b5 47. Bb3 Nd4 48. Bd5 a4 0-1


[Site "https://www.chess.com"]

[Event "Titled Tuesday Blitz May 4 2021"]
[White "Berezin, Viktor"]
[Black "Palchuk, Andrii"]
[WhiteFideId "14107872"]
[BlackFideId "14176688"]
[WhiteElo "2310"]
[BlackElo "2184"]
[Result "0-1"]
[Round "03"]
[TimeControl "180+1"]
[Date "2021.05.04"]
[WhiteClock "0:00:35"]
[BlackClock "0:00:41"]

1. d4 Nf6 2. Nf3 d5 3. c4 c6 4. e3 Bf5 5. Nc3 e6 6. Nh4 Bg4 7. Qb3 Qb6 8. c5 Qxb3 9. axb3 Nbd7 10. h3 Bh5 11. b4 Be7 12. g4 Bg6 13. Nxg6 hxg6 14. Rg1 a6 15. f4 Rc8 16. g5 Ng8 17. Kf2 Bd8 18. Bd2 Bc7 19. Bd3 Ne7 20. Rh1 f6 21. gxf6 gxf6 22. Rag1 Kf7 23. h4 e5 24. e4 exd4 25. Ne2 a5 26. exd5 cxd5 27. Nxd4 axb4 28. f5 Nxc5 29. fxg6+ Kg7 30. Bb1 Be5 31. Nf5+ Nxf5 32. Bxf5 Bd4+ 33. Kf3 Bxg1 34. Bxc8 Rxc8 35. Rxg1 Rh8 36. Be3 Nd3 37. Rg4 Ne5+ 38. Kg3 Nxg4 39. Kxg4 Kxg6 40. Bc5 f5+ 41. Kg3 b3 0-1


[Site "https://www.chess.com"]

[Event "Titled Tuesday Blitz May 4 2021"]
[White "Bernadskiy, Vitaliy"]
[Black "Gurevich, Dmitry"]
[WhiteFideId "14100371"]
[BlackFideId "2000407"]
[WhiteElo "2534"]
[BlackElo "2506"]
[Result "1-0"]
[Round "03"]
[TimeControl "180+1"]
[Date "2021.05.04"]
[WhiteClock "0:02:11"]
[BlackClock "0:00:26"]

1. e4 c5 2. Nf3 d6 3. d4 cxd4 4. Nxd4 Nf6 5. Nc3 Nc6 6. Bg5 g6 7. Nb3 Bg7 8. Be2 h6 9. Bh4 O-O 10. O-O a6 11. Re1 b5 12. Bf1 Bb7 13. Nd5 Nh7 14. c3 Rc8 15. a4 g5 16. axb5 axb5 17. Bg3 b4 18. cxb4 Bxb2 19. b5 Nb8 20. Ra7 Bxd5 21. exd5 Nd7 22. Na5 Ne5 23. Bxe5 Bxe5 24. Nc6 Rxc6 25. dxc6 Nf6 26. Rxe5 1-0


[Site "https://www.chess.com"]

[Event "Titled Tuesday Blitz May 4 2021"]
[White "Bonte, Andrei-Mihai"]
[Black "Garcia Garcia, Alejandro"]
[WhiteFideId "1210297"]
[BlackFideId "3516334"]
[WhiteElo "2200"]
[BlackElo "2131"]
[Result "1-0"]
[Round "03"]
[TimeControl "180+1"]
[Date "2021.05.04"]
[WhiteClock "0:00:17"]
[BlackClock "0:00:41"]

1. d4 Nf6 2. c4 g6 3. Nc3 Bg7 4. e4 d6 5. Nf3 O-O 6. Be2 e5 7. O-O exd4 8. Nxd4 Re8 9. f3 c6 10. Nc2 d5 11. cxd5 cxd5 12. Bb5 Bd7 13. Bxd7 Nbxd7 14. exd5 Nb6 15. Ne3 Bh6 16. f4 Rc8 17. Qd3 Nfd7 18. Ng4 Bg7 19. Be3 Nc5 20. Bxc5 Rxc5 21. Rad1 Nc4 22. Ne4 Nxb2 23. Qb1 Rc4 24. Rde1 Re7 25. Nef6+ Bxf6 26. Nxf6+ Kg7 27. Qxb2 Rxe1 28. Nh5+ Kf8 29. Qg7+ Ke7 30. Rxe1+ Kd6 31. Qe5+ Kc5 32. Nf6 Kb5 33. d6+ Rc5 34. Qe8+ Qxe8 35. Rxe8 Rc1+ 36. Kf2 Rc2+ 37. Re2 Rc6 38. Rd2 Rc8 39. d7 Rd8 40. Rc2 1-0


[Site "https://www.chess.com"]

[Event "Titled Tuesday Blitz May 4 2021"]
[White "Borawski, Jakub"]
[Black "Bongo Akanga Ndjila, Barthelemy"]
[WhiteFideId "1143000"]
[BlackFideId "10609431"]
[WhiteElo "2020"]
[BlackElo "1803"]
[Result "1-0"]
[Round "03"]
[TimeControl "180+1"]
[Date "2021.05.04"]
[WhiteClock "0:00:32"]
[BlackClock "0:00:01"]

1. e4 g6 2. d4 Bg7 3. Nc3 c5 4. Be3 Nc6 5. dxc5 Bxc3+ 6. bxc3 Qa5 7. Qd2 Nf6 8. Bd3 Ne5 9. Ne2 O-O 10. O-O Neg4 11. Bf4 Qxc5 12. h3 Ne5 13. Be3 Qa5 14. Bd4 d6 15. f4 Ned7 16. e5 dxe5 17. fxe5 Nxe5 18. Ng3 Be6 19. Rae1 Nc4 20. Qh6 Rad8 21. Rxf6 Rxd4 22. Rfxe6 Rxd3 23. cxd3 fxe6 24. dxc4 Qxc3 25. Qe3 Qxc4 26. Qxe6+ Qxe6 27. Rxe6 Rf7 28. Ne4 Kf8 29. Ng5 Rf5 30. Nxh7+ Kf7 31. Re3 e5 32. h4 Rh5 33. Ng5+ Kf6 34. g3 Rh8 35. Rf3+ Ke7 36. Rf7+ Kd6 37. Rxb7 Rc8 38. Rxa7 Rc2 39. Ra6+ Kd5 40. Rxg6 Rxa2 41. Rg8 e4 42. Rd8+ Ke5 43. Re8+ Kf5 44. Rxe4 Ra5 45. Rf4+ Kg6 46. Kg2 Ra2+ 47. Kh3 Ra3 48. Nf3 Kh5 49. Rf5+ Kg6 50. Kg4 Kh6 51. Rf6+ Kg7 52. Kg5 Ra5+ 53. Rf5 Ra3 54. g4 Kh7 55. h5 Kg7 56. Nh4 Ra4 57. Rb5 Ra7 58. Nf5+ Kh7 59. Rb6 Rc7 60. Rh6+ Kg8 61. Rg6+ 1-0


[Site "https://www.chess.com"]

[Event "Titled Tuesday Blitz May 4 2021"]
[White "Brunner, Nicolas"]
[Black "Valle Maytin, Luis Enrique"]
[WhiteFideId "620246"]
[BlackFideId "3503666"]
[WhiteElo "2372"]
[BlackElo "2296"]
[Result "1-0"]
[Round "03"]
[TimeControl "180+1"]
[Date "2021.05.04"]
[WhiteClock "0:00:14"]
[BlackClock "0:00:01"]

1. d4 d5 2. c4 c6 3. Nc3 Nf6 4. e3 e6 5. Nf3 Nbd7 6. Qc2 Bd6 7. Bd3 O-O 8. O-O b6 9. e4 dxe4 10. Nxe4 Nxe4 11. Bxe4 Nf6 12. Bxc6 Rb8 13. Bg5 Qc7 14. Bxf6 Qxc6 15. Be5 Ba6 16. b3 Bb7 17. Rad1 Rbc8 18. Bxd6 Qxd6 19. Ne5 f6 20. Ng4 Qf4 21. Ne3 Rfd8 22. Qc3 Rd6 23. Rd2 Rcd8 24. Rfd1 Qe4 25. f3 Qf4 26. d5 exd5 27. Nxd5 Bxd5 28. Rxd5 h5 29. Qd4 Rxd5 30. cxd5 Qxd4+ 31. Rxd4 Kf7 32. Kf2 Ke7 33. Ke3 Kd6 34. Kf4 g6 35. g4 hxg4 36. fxg4 Rh8 37. Kg3 g5 38. Rd2 b5 39. Rf2 Rf8 40. Rf5 a5 41. h4 gxh4+ 42. Kxh4 Rh8+ 43. Kg3 Rh1 44. Rxf6+ Kxd5 45. g5 Ra1 46. Rf2 Ke5 47. Kg4 Rg1+ 48. Kh5 a4 49. bxa4 bxa4 50. g6 Ke6 51. Kh6 Rh1+ 52. Kg7 Rg1 53. Kh7 Rh1+ 54. Kg8 Ke7 55. g7 a3 56. Rf3 Rb1 57. Rxa3 Rg1 58. Rh3 Rf1 59. Kh8 1-0


[Site "https://www.chess.com"]

[Event "Titled Tuesday Blitz May 4 2021"]
[White "Bugayev, Vladimir"]
[Black "Kapitanchuk, Tomas"]
[WhiteFideId "30901480"]
[BlackFideId "135046"]
[WhiteElo "2330"]
[BlackElo "1955"]
[Result "0-1"]
[Round "03"]
[TimeControl "180+1"]
[Date "2021.05.04"]
[WhiteClock "0:00:11"]
[BlackClock "0:01:33"]

1. e4 c5 2. Nc3 Nc6 3. Bb5 Nd4 4. Nf3 e6 5. O-O Nxb5 6. Nxb5 a6 7. Nc3 d6 8. d4 cxd4 9. Qxd4 Nf6 10. Bg5 Be7 11. Rad1 Bd7 12. Bh4 Qc7 13. Rfe1 Rd8 14. e5 dxe5 15. Nxe5 Bc6 16. Qe3 O-O 17. Nxc6 Qxc6 18. Qe2 b5 19. Nb1 a5 20. c3 Rd5 21. Bxf6 Bxf6 22. Rxd5 Qxd5 23. Nd2 Qxa2 24. Qxb5 Bxc3 0-1


[Site "https://www.chess.com"]

[Event "Titled Tuesday Blitz May 4 2021"]
[White "Buscar, Michael"]
[Black "Garakov, Mikhael"]
[WhiteFideId "2603616"]
[BlackFideId "4169034"]
[WhiteElo "2010"]
[BlackElo "2367"]
[Result "0-1"]
[Round "03"]
[TimeControl "180+1"]
[Date "2021.05.04"]
[WhiteClock "0:00:09"]
[BlackClock "0:00:49"]

1. d4 Nf6 2. c4 c5 3. e3 g6 4. Nf3 Bg7 5. d5 O-O 6. Be2 e6 7. O-O exd5 8. cxd5 d6 9. Nc3 a6 10. a4 Re8 11. Nd2 Nbd7 12. Nc4 Nb6 13. a5 Nxc4 14. Bxc4 b5 15. axb6 Qxb6 16. Qa4 Bd7 17. Qa5 Reb8 18. Rd1 Qb4 19. Qxb4 cxb4 20. Ne2 a5 21. Nd4 Ne4 22. Nc6 Rb6 23. Nxa5 Bb5 24. Bxb5 Rxb5 25. Nb3 Rxa1 26. Nxa1 b3 27. f3 Nc5 28. e4 Ra5 29. Bf4 Bxb2 30. Nxb3 Nxb3 31. Bxd6 Bd4+ 32. Kf1 Ra2 33. Bg3 Nd2+ 34. Ke1 Bc3 35. d6 Nxe4+ 36. Kf1 Nxg3+ 37. hxg3 Bf6 38. d7 Ra8 39. f4 Rd8 40. g4 h6 41. Kf2 Kf8 42. Kf3 Ke7 43. Rh1 Bg7 44. g5 hxg5 45. Rh7 Bf6 46. fxg5 Bxg5 0-1


[Site "https://www.chess.com"]

[Event "Titled Tuesday Blitz May 4 2021"]
[White "Carrasco Miranda, Andres"]
[Black "Harshavardhan G B"]
[WhiteFideId "3405990"]
[BlackFideId "25059009"]
[WhiteElo "2177"]
[BlackElo "1825"]
[Result "0-1"]
[Round "03"]
[TimeControl "180+1"]
[Date "2021.05.04"]
[WhiteClock "0:00:05"]
[BlackClock "0:00:35"]

1. d4 d5 2. c4 c6 3. Nf3 Nf6 4. e3 e6 5. b3 Bb4+ 6. Nbd2 Nbd7 7. Bd3 Ne4 8. O-O f5 9. Qc2 O-O 10. a3 Bd6 11. b4 Qf6 12. b5 Qh6 13. bxc6 bxc6 14. cxd5 cxd5 15. Qc6 Rb8 16. Bxe4 Rb6 17. Bxd5 Rxc6 18. Bxc6 Nf6 19. h3 Ba6 20. Rd1 Rc8 21. Ba4 Ne4 22. Nxe4 fxe4 23. Ne5 Be2 24. Re1 Bxe5 25. dxe5 Bf3 26. gxf3 exf3 27. Kh2 Qg5 28. Rg1 Qxe5+ 29. Kh1 Qxa1 30. Bd2 Qb2 31. Bd7 Qxd2 32. Bxe6+ Kh8 33. Bxc8 Qxf2 34. Bg4 Qxe3 35. Rd1 h5 36. Bf5 g6 37. Rd8+ Kg7 38. Rd7+ Kf6 39. Bd3 f2 40. Bf1 Qxa3 41. Rd2 Qg3 42. Ra2 Qg1# 0-1


[Site "https://www.chess.com"]

[Event "Titled Tuesday Blitz May 4 2021"]
[White "Chasin, Nico"]
[Black "Christensen, Thomas"]
[WhiteFideId "30908477"]
[BlackFideId "1403532"]
[WhiteElo "2135"]
[BlackElo "2283"]
[Result "1-0"]
[Round "03"]
[TimeControl "180+1"]
[Date "2021.05.04"]
[WhiteClock "0:02:09"]
[BlackClock "0:01:55"]

1. e4 e5 2. Nf3 d5 3. d4 dxe4 4. Nxe5 Bd6 5. Nc4 Ne7 6. Nc3 f5 7. Nxd6+ cxd6 8. Bg5 Nbc6 9. Bc4 d5 10. Nxd5 Qd6 11. Bf4 Qxd5 12. Bxd5 Nxd5 13. Be5 O-O 14. O-O Nxe5 15. dxe5 Be6 16. c4 Nb4 17. Qd6 Bxc4 18. Rfc1 Bd3 19. Qxb4 Rae8 20. Rc7 Rf7 21. Rxf7 Kxf7 22. Qxb7+ Kg6 23. Qc6+ Kg5 24. Qxe8 Kf4 25. g3+ Kf3 26. Qh5# 1-0


[Site "https://www.chess.com"]

[Event "Titled Tuesday Blitz May 4 2021"]
[White "Chen, Alex"]
[Black "Velickovic, Zoran"]
[WhiteFideId "30929652"]
[BlackFideId "14601184"]
[WhiteElo "2054"]
[BlackElo "2321"]
[Result "0-1"]
[Round "03"]
[TimeControl "180+1"]
[Date "2021.05.04"]
[WhiteClock "0:01:33"]
[BlackClock "0:01:29"]

1. Nf3 c5 2. e4 g6 3. c3 d5 4. exd5 Qxd5 5. d4 Bg7 6. Na3 Nf6 7. Nb5 Na6 8. Be3 cxd4 9. Qxd4 O-O 10. Bc4 Qh5 11. Qe5 Qg4 12. Bd4 Qxg2 13. Ke2 Bg4 0-1


[Site "https://www.chess.com"]